 Dungeon Crawl Stone Soup version 0.22.1-1-ga44c0e5 (webtiles) character file.

119 lorenzova the Conjurer (level 4, 0/24 HPs)
             Began as a Deep Elf Conjurer on Oct 22, 2018.
             Slain by an orc
             ... wielding a +0 short sword
              (5 damage)
             ... on level 2 of the Dungeon.
             The game lasted 00:04:03 (2349 turns).

lorenzova the Conjurer (Deep Elf Conjurer)          Turns: 2349, Time: 00:04:04

Health: 0/24       AC:  5    Str:  5    XL:     4   Next: 73%
Magic:  0/13       EV: 12    Int: 21    God:
Gold:   129        SH:  0    Dex: 15    Spells: 10/13 levels left

rFire    . . .     SeeInvis .   g - +0 short sword
rCold    . . .     Gourm    .   (no shield)
rNeg     . . .     Faith    .   h - +0 leather armour (curse)
rPois    .         Spirit   .   l - +1 helmet
rElec    .         Reflect  .   (no cloak)
rCorr    .         Harm     .   (no gloves)
MR       .....                  (no boots)
Stlth    ++........             (no amulet)
HPRegen  0.08/turn              (no ring)
MPRegen  0.13/turn              (no ring)

@: no status effects
A: no striking features
a: no special abilities


You were on level 2 of the Dungeon.
You were not hungry.

You visited 1 branch of the dungeon, and saw 3 of its levels.

You collected 129 gold pieces.

Inventory:

Hand Weapons
 g - a +0 short sword (weapon)
Armour
 a - a +0 robe
 h - a cursed +0 leather armour (worn)
 l - a +1 helmet (worn)
Scrolls
 b - 2 scrolls of identify
 k - a scroll of remove curse {unknown}
 o - a scroll of amnesia {unknown}
 p - a scroll of teleportation {unknown}
Potions
 d - 4 potions of brilliance {unknown}
 e - 2 potions of curing {unknown}
 f - a potion of ambrosia {unknown}
 i - a potion of cancellation {unknown}
 j - a potion of agility {unknown}
 m - a potion of magic {unknown}
 q - a potion of berserk rage {unknown}
Comestibles
 c - 3 rations


   Skills:
 - Level 2.4 Dodging
 - Level 2.4 Stealth
 + Level 5.2 Spellcasting
 + Level 5.7 Conjurations


You had 10 spell levels left.
You knew the following spells:

 Your Spells              Type           Power        Failure   Level  Hunger
a - Magic Dart            Conj           ####         1%          1    None
b - Searing Ray           Conj           ####..       2%          2    None

Your spell library contained the following spells:

 Spells                   Type           Power        Failure   Level  Hunger
 Dazzling Spray           Conj/Hex       ###...       16%         3    ##.....
 Iskenderun's Mystic Bla  Conj           ####....     17%         4    ####...
 Force Lance              Conj/Tloc      ###.....     47%         4    ####...
 Fulminant Prism          Conj/Hex       ###.......   47%         4    ####...


Dungeon Overview and Level Annotations

Branches:
Dungeon (3/15)

Altars:


Message History

The orc is almost dead.
The orc hits you with a short sword.
* * * LOW HITPOINT WARNING * * *
Casting: Magic Dart (safe; 1% risk of failure)
Confirm with . or Enter, or press ? or * to list all spells.
Aiming: Magic Dart (safe; 1% risk of failure)
Press: ? - help, Shift-Dir - straight line, f/p - orc
Aim: an orc, wielding a short sword and wearing a scale mail (almost dead)
The magic dart hits the orc.
The orc is almost dead.
The orc completely misses you.
Casting: Magic Dart (safe; 1% risk of failure)
Confirm with . or Enter, or press ? or * to list all spells.
Aiming: Magic Dart (safe; 1% risk of failure)
Press: ? - help, Shift-Dir - straight line, f/p - orc
Aim: an orc, wielding a short sword and wearing a scale mail (almost dead)
The magic dart hits the orc.
The orc is almost dead.
The orc hits you with a short sword.
You die...

...................#
###÷..............##
##................##
...................#
...................#
...................#
...#...............#
...#...........)...##
...#............@...#
..÷#...........o....#
..##########........#
..# ##)......#
..##### #.......#
...(..# #.......#
......### #.......#
........# #.......#
..####''#############


You could see an orc.

Vanquished Creatures
  Robin (D:2)
  3 adders (D:2)
  4 worms (D:2)
  A dart slug (D:1)
  A leopard gecko (D:2)
  3 orcs
  2 ball pythons
  6 bats
  4 giant cockroaches
  11 goblins
  6 hobgoblins
  5 jackals
  2 frilled lizards
  7 kobolds
  5 rats
61 creatures vanquished.

Notes
Turn   | Place    | Note
-------+----------+-------------------------------------------
     0 | D:1      | lorenzova the Deep Elf Conjurer began the quest for the
                  | Orb.
     0 | D:1      | Reached XP level 1. HP: 10/10 MP: 6/6
   324 | D:1      | Reached XP level 2. HP: 15/15 MP: 4/8
  1226 | D:2      | Reached skill level 5 in Conjurations
  1226 | D:2      | Reached XP level 3. HP: 19/19 MP: 7/10
  1253 | D:2      | Learned a level 2 spell: Searing Ray
  1740 | D:2      | Noticed Robin
  1749 | D:2      | Killed Robin
  1749 | D:2      | Reached XP level 4. HP: 20/24 MP: 3/12
  1990 | D:2      | Reached skill level 5 in Spellcasting
  2349 | D:2      | Slain by an orc

Skill      XL: |  1  2  3  4 |
---------------+-------------+-----
Spellcasting   | 4 5 |  5.2
Conjurations   | 5 |  5.7
Dodging        | |  2.4
Stealth        | |  2.4

Action                   |  1- 3 |  4- 6 || total
-------------------------+-------+-------++-------
Melee: Unarmed           |    16 |       ||    16
       Short sword       |     4 |    12 ||    16
 Cast: Magic Dart        |    83 |    43 ||   126
       Searing Ray       |     1 |     1 ||     2
  Use: Scroll            |       |     1 ||     1
  Eat: Chunk             |     2 |     2 ||     4
Armor: Robe              |     3 |       ||     3
       Leather armour    |       |     7 ||     7
Dodge: Dodged            |    25 |    22 ||    47
